 Dungeon Crawl Stone Soup version 0.22.1-1-ga44c0e56f4 (webtiles) character file.

77 AlolanVulpixel the Shield-Bearer (level 4, -7/31 HPs)
             Began as an Octopode Fighter on Sept 19, 2018.
             Mangled by a gnoll
             ... wielding a +0 halberd
              (13 damage)
             ... on level 2 of the Dungeon.
             The game lasted 00:03:38 (1429 turns).

AlolanVulpixel the Shield-Bearer (Octopode Fighter) Turns: 1429, Time: 00:03:39

Health: -7/31      AC:  1    Str: 13 (16) XL:     4   Next: 34%
Magic:  5/5        EV: 11    Int:  7 (10) God:
Gold:   97         SH:  8    Dex:  9 (11) Spells: 3/5 levels left

rFire    . . .     SeeInvis .   a - +0 long sword
rCold    . . .     Gourm    .   b - +0 shield
rNeg     . . .     Faith    .   (helmet restricted)
rPois    .         Spirit   .   e - amulet of rage
rElec    .         Reflect  .   (no ring)
rCorr    .         Harm     .   (no ring)
MR       .....                  (no ring)
Stlth    ++++......             (no ring)
HPRegen  0.10/turn              (no ring)
MPRegen  0.09/turn              (no ring)
                                (no ring)
                                (no ring)

@: no status effects
A: almost no armour, stealthy swim, amphibious, 8 rings, constrict 8, camouflage
1, gelatinous body 1
a: Evoke Berserk Rage


You were on level 2 of the Dungeon.
You were not hungry.

You visited 1 branch of the dungeon, and saw 2 of its levels.

You collected 97 gold pieces.

Inventory:

Hand Weapons
 a - a +0 long sword (weapon)
Armour
 b - a +0 shield (worn)
Jewellery
 e - an amulet of rage (around mantle)
Scrolls
 h - 2 scrolls of teleportation {unknown}
 i - a scroll of magic mapping {unknown}
 j - 3 scrolls of identify {unknown}
 l - a scroll of fog {unknown}
Potions
 c - a potion of might
 g - a potion of resistance {unknown}
 k - a potion of invisibility {unknown}
Comestibles
 d - 2 rations


   Skills:
 + Level 3.2 Fighting
 + Level 2.7 Long Blades
 + Level 3.4 Dodging
 + Level 1.7 Stealth
 + Level 3.4 Shields
 * Level 1.1 Spellcasting


You had 3 spell levels left.
You knew the following spells:

 Your Spells              Type           Power        Failure   Level  Hunger
a - Call Imp              Summ           #.......     95%         2    ###....

Your spell library contained the following spells:

 Spells                   Type           Power        Failure   Level  Hunger
 Magic Dart               Conj           #...         88%         1    ##.....
 Blink                    Tloc           N/A          95%         2    ###....
 Slow                     Hex            #.......     95%         2    ###....
 Conjure Flame            Conj/Fire      #.......     99%         3    ####...
 Mephitic Cloud           Conj/Pois/Air  #.......     99%         3    ####...


Dungeon Overview and Level Annotations

Branches:
Dungeon (2/15)

Altars:
Wu Jian


Innate Abilities, Weirdness & Mutations

You cannot wear most types of armour.
You are very stealthy in the water. (Stealth+)
You are amphibious.
You can wear up to eight rings at the same time.
You can use your tentacles to constrict eight enemies at once.
Your skin changes colour to match your surroundings (Stealth+).
Your rubbery body absorbs attacks. (AC +1, EV +1)


Message History

You constrict the bat. The bat barely misses you. You block the bat's attack.
The gnoll splashes around in the water.
The bat misses you. The dart slug launches a dart at you.
The slug dart misses you. The gnoll closely misses you.
You hit the bat.
You kill the bat!
The gnoll splashes around in the water.
The dart slug launches a dart at you. You block the slug dart.
The gnoll closely misses you. The gnoll closely misses you.
The dart slug launches a dart at you. The slug dart hits you!
* * * LOW HITPOINT WARNING * * *
You block the gnoll's attack.
It was a potion of degeneration.
There was something very wrong with that liquid.
You feel weakened.
You feel dopey.
You feel clumsy. The gnoll barely misses you. You block the gnoll's attack.
The gnoll hits you from afar with a halberd!
You die...

#.# ##.## .
#######.).#####
.##..............
....≈.≈≈.≈≈≈≈..≈.
.#...≈..≈†≈≈≈..#
#.≈w≈≈≈≈≈≈≈≈..#
#≈≈≈≈≈≈≈≈≈≈≈≈≈#
#≈≈≈@≈g≈≈≈≈≈≈≈#
#≈g≈≈≈g♣≈≈≈≈..#
#..≈≈≈._.≈≈≈≈.#
#≈≈≈≈≈≈≈.≈≈≈≈.#
#≈.≈≈≈≈≈≈≈≈≈≈.
....≈≈≈≈≈≈≈≈≈≈≈
..#.≈≈≈≈≈≈≈≈≈≈≈
.##.≈≈.......≈≈
#≈≈.......≈≈.


You could see 3 gnolls and a dart slug.

Vanquished Creatures
  An ooze (D:1)
  3 worms (D:2)
  A dart slug (D:1)
  3 leopard geckos
  2 giant cockroaches (D:1)
  3 goblins (D:1)
  3 hobgoblins
  17 jackals
  A quokka (D:2)
  10 bats
  2 frilled lizards (D:1)
  3 kobolds
  A rat (D:1)
50 creatures vanquished.

Notes
Turn   | Place    | Note
-------+----------+-------------------------------------------
     0 | D:1      | AlolanVulpixel the Octopode Fighter began the quest for the
                  | Orb.
     0 | D:1      | Reached XP level 1. HP: 16/16 MP: 1/1
   114 | D:1      | Reached XP level 2. HP: 21/21 MP: 2/2
   281 | D:1      | Reached XP level 3. HP: 26/26 MP: 3/3
   533 | D:1      | Reached skill level 1 in Stealth
   987 | D:2      | Found an ornate altar of the Wu Jian Council.
  1051 | D:2      | Reached skill level 1 in Spellcasting
  1160 | D:2      | Reached XP level 4. HP: 31/31 MP: 5/5
  1385 | D:2      | Learned a level 2 spell: Call Imp
  1414 | D:2      | Found a faded altar of an unknown god.
  1429 | D:2      | Mangled by a gnoll

Skill      XL: |  1  2  3 |
---------------+----------+-----
Stealth        | 1 |  1.7
Spellcasting   | 1 |  1.1
Fighting       | |  3.2
Long Blades    | |  2.7
Dodging        | |  3.4
Shields        | |  3.4

Action                   |  1- 3 |  4- 6 || total
-------------------------+-------+-------++-------
Melee: Long sword        |    62 |    23 ||    85
       Constrict         |    20 |     9 ||    29
       Tentacles         |    12 |     7 ||    19
  Use: Potion            |       |     1 ||     1
 Stab: Sleeping          |     7 |     1 ||     8
  Eat: Ration            |     1 |       ||     1
Armor: Skin              |     9 |     7 ||    16
Dodge: Dodged            |    25 |    27 ||    52
Block: Shield            |    29 |    24 ||    53
       Rpst.: Long sword |     9 |     3 ||    12
